[Event "Titled Tuesday Blitz August 16 Early 2022"]
[White "Barp, Alberto"]
[Black "Drygalov, Sergey"]
[WhiteFideId "872555"]
[BlackFideId "24171743"]
[WhiteElo "2229"]
[BlackElo "2523"]
[Result "1-0"]
[Round "03"]
[TimeControl "180+1"]
[Date "2022.08.16"]
[WhiteClock "0:00:13"]
[BlackClock "0:00:16"]

1. d4 Nf6 2. c4 e6 3. g3 Bb4+ 4. Bd2 a5 5. Bg2 d6 6. Nf3 Nbd7 7. O-O e5 8. Nc3 O-O 9. Qc2 c6 10. e4 Re8 11. Rfe1 exd4 12. Nxd4 Bc5 13. Nf5 Ne5 14. Be3 Bxf5 15. Bxc5 dxc5 16. exf5 Nxc4 17. Rxe8+ Qxe8 18. Na4 b5 19. Nxc5 Rd8 20. Nd3 Qd7 21. Bf1 Qxf5 22. b3 Ne5 23. Rd1 h5 24. Nxe5 Qc8 25. Qxc6 Qb8 26. Rxd8+ Qxd8 27. Qxb5 Qd2 28. Qe2 Qd5 29. Bg2 Qd4 30. h3 h4 31. Kh2 g6 32. Bf3 hxg3+ 33. fxg3 a4 34. Ng4 Nxg4+ 35. Bxg4 a3 36. Bf3 Kg7 37. Kg2 Qc3 38. h4 Qd4 39. Qc2 Kg8 40. Be2 Qd5+ 41. Kh2 Qd4 42. Bc4 Kg7 43. b4 f5 44. b5 f4 45. Qd3 Qb2+ 46. Kh3 fxg3 47. Kxg3 Qe5+ 48. Kh3 Qe1 49. Qd7+ Kh6 50. Qd3 Qh1+ 51. Kg4 Qg2+ 52. Kf4 Qb2 53. Ke4 Kh5 54. Qg3 Qb1+ 55. Kd5 Qf5+ 56. Qe5 Kxh4 57. Qxf5 gxf5 58. b6 f4 59. b7 f3 60. b8=Q f2 61. Qf4+ Kh5 62. Be2+ Kg6 63. Qxf2 Kg7 64. Qd4+ Kg8 65. Bf3 Kf8 66. Qe5 Kg8 67. Qc7 Kh8 68. Ke6 Kg8 69. Kf6 Kh8 70. Qg7# 1-0


[Site "https://www.chess.com"]

[Event "Titled Tuesday Blitz August 16 Early 2022"]
[White "Barria Zuniga, Daniel"]
[Black "Qashashvili, Alexandre"]
[WhiteFideId "3400816"]
[BlackFideId "13600842"]
[WhiteElo "2414"]
[BlackElo "2316"]
[Result "0-1"]
[Round "03"]
[TimeControl "180+2"]
[Date "2022.08.18"]
[WhiteClock "0:00:00"]
[BlackClock "0:00:00"]

1. d4 c6 2. c4 d5 3. Nf3 Nf6 4. Nc3 Bf5 5. cxd5 Nxd5 6. Nd2 Nxc3 7. bxc3 e6 8. e4 Bg6 9. Bc4 Nd7 10. O-O Bd6 11. f4 Nb6 12. Bb3 Qd7 13. Qf3 f5 14. exf5 Bxf5 15. g4 Bg6 16. Ne4 O-O 17. Ng5 Nd5 18. c4 Nxf4 19. c5 Be7 20. Bxf4 Bxg5 21. Qe3 Bxf4 22. Rxf4 Qe7 23. Qxe6+ Qxe6 24. Bxe6+ Bf7 25. Rxf7 Rxf7 26. Rf1 Rf8 27. Rf3 g6 28. Kf2 Kg7 29. Rxf7+ Rxf7+ 30. Bxf7 Kxf7 31. Ke3 Ke6 32. Ke4 g5 33. h3 b5 34. cxb6 axb6 35. a4 h6 36. Ke3 Kd6 37. Ke4 Kc7 38. Ke5 Kd7 39. Ke4 Kc7 40. Ke5 b5 41. a5 b4 42. Ke4 Kb7 43. Kd3 Ka6 44. Kc4 Kxa5 45. Kc5 b3 46. Kxc6 b2 47. d5 b1=Q 48. d6 0-1


[Site "https://www.chess.com"]

[Event "Titled Tuesday Blitz August 16 Early 2022"]
[White "Barrientos, Sergio E"]
[Black "Lazavik, Denis"]
[WhiteFideId "4401824"]
[BlackFideId "13515110"]
[WhiteElo "2397"]
[BlackElo "2437"]
[Result "0-1"]
[Round "03"]
[TimeControl "180+1"]
[Date "2022.08.16"]
[WhiteClock "0:01:21"]
[BlackClock "0:00:31"]

1. d4 f5 2. Nf3 Nf6 3. g3 g6 4. Bg2 Bg7 5. O-O O-O 6. c4 d6 7. Nc3 c6 8. Qb3 Na6 9. Rd1 h6 10. d5 Nc5 11. Qc2 cxd5 12. cxd5 Bd7 13. Nd4 Rc8 14. h3 Qe8 15. Bf4 g5 16. Be3 Nce4 17. Qd3 Nxc3 18. bxc3 Ne4 19. Rdc1 Nc5 20. Qd2 Qg6 21. Kh2 f4 22. gxf4 gxf4 23. Bxf4 Rxf4 24. e3 Rh4 25. f4 Qh5 26. Rh1 Bxh3 27. Kg1 Kh8 28. Qe2 Bxd4 29. Qxh5 Bxe3+ 30. Kh2 Rxh5 31. Bxh3 Rg8 32. Raf1 Nd3 0-1


[Site "https://www.chess.com"]

[Event "Titled Tuesday Blitz August 16 Early 2022"]
[White "Belov, Vladimir"]
[Black "Janaszak, Dawid"]
[WhiteFideId "4132394"]
[BlackFideId "1119206"]
[WhiteElo "2501"]
[BlackElo "2165"]
[Result "0-1"]
[Round "03"]
[TimeControl "180+1"]
[Date "2022.08.16"]
[WhiteClock "0:00:21"]
[BlackClock "0:00:39"]

1. d4 Nf6 2. c4 g6 3. Nc3 d5 4. cxd5 Nxd5 5. e4 Nxc3 6. bxc3 Bg7 7. Nf3 c5 8. h3 O-O 9. Be2 b6 10. Be3 cxd4 11. cxd4 Bb7 12. Qd3 Nc6 13. O-O Rc8 14. Rac1 Qd7 15. d5 Nb4 16. Qb3 Na6 17. Qa3 Qd6 18. Qxd6 exd6 19. Nd4 Bxd4 20. Bxd4 Nc5 21. f3 f5 22. exf5 Rxf5 23. g4 Rf4 24. Rfd1 Re8 25. Bb5 Ref8 26. Bc6 Ba6 27. Re1 Nd3 28. Re7 Rxd4 29. Rc3 Rxf3 30. Bd7 Ne5 31. Be6+ Kf8 32. Rcc7 Rd1+ 33. Kg2 Rd2+ 0-1


[Site "https://www.chess.com"]

[Event "Titled Tuesday Blitz August 16 Early 2022"]
[White "Bolanos, Fernando"]
[Black "Karimov, Alisher"]
[WhiteFideId "3304094"]
[BlackFideId "14700280"]
[WhiteElo "2086"]
[BlackElo "2186"]
[Result "0-1"]
[Round "03"]
[TimeControl "180+2"]
[Date "2022.08.18"]
[WhiteClock "0:00:00"]
[BlackClock "0:00:00"]

1. e4 c5 2. Nf3 Nc6 3. d4 cxd4 4. Nxd4 Nf6 5. Nc3 d6 6. Be2 Bd7 7. O-O e6 8. Be3 Be7 9. Nb3 O-O 10. Qd2 a6 11. a3 b5 12. Rad1 Qc7 13. f4 Rac8 14. Kh1 Rfe8 15. g4 Red8 16. Rg1 Be8 17. Bf3 d5 18. e5 Ne4 19. Qe1 Nxc3 20. Qxc3 b4 21. axb4 Bxb4 22. Qd3 d4 23. Nxd4 Nxd4 24. Bxd4 Qxc2 25. Qxc2 Rxc2 26. Bc3 Rb8 27. Rg2 Rxg2 28. Kxg2 Bxc3 29. bxc3 Kf8 30. c4 Rb2+ 31. Kg3 Rc2 32. Ra1 Rxc4 33. Rxa6 Rc3 34. h4 g6 35. h5 Bb5 36. Ra2 Bc6 37. Rf2 gxh5 38. gxh5 Kg7 39. Kg2 Rxf3 40. Rxf3 Kh6 41. Kg3 Bxf3 42. Kxf3 Kxh5 43. Kg3 Kg6 44. Kg4 h5+ 0-1


[Site "https://www.chess.com"]

[Event "Titled Tuesday Blitz August 16 Early 2022"]
[White "Borgaonkar Akshay"]
[Black "Mouhamad, Joachim"]
[WhiteFideId "25639110"]
[BlackFideId "656410"]
[WhiteElo "1755"]
[BlackElo "2147"]
[Result "1-0"]
[Round "03"]
[TimeControl "180+2"]
[Date "2022.08.18"]
[WhiteClock "0:00:00"]
[BlackClock "0:00:00"]

1. e4 c6 2. Nf3 d5 3. e5 Bg4 4. d4 e6 5. Nbd2 c5 6. c3 Nc6 7. h3 Bxf3 8. Nxf3 Qb6 9. Bd3 Nge7 10. O-O Rc8 11. Be3 Nf5 12. Bxf5 exf5 13. Re1 c4 14. Qc2 g6 15. Bg5 Be7 16. Bh6 Nd8 17. Bg7 Rg8 18. Bf6 Ne6 19. Bxe7 Kxe7 20. Qd2 f4 21. Kh2 Qa5 22. Ng1 Kd7 23. Rec1 Kc7 24. b4 Qb5 25. a4 Qd7 26. b5 Kb8 27. a5 Qe7 28. Qb2 g5 29. Qa3 Qd7 30. b6 a6 31. Qa4 Rc6 32. Qc2 Nd8 33. Qxh7 Rcg6 34. f3 Qf5 35. Qh5 Ne6 36. Qg4 Qd3 37. Rd1 Qxc3 38. Ne2 Qe3 39. Re1 Qf2 40. Qf5 Rh6 41. Ng1 Qg3+ 42. Kh1 Rg7 43. Rf1 Rgh7 44. Ra2 g4 45. fxg4 Nxd4 46. Qd7 Ne6 47. Qd6+ Ka8 48. Qd7 f3 49. Qc8# 1-0


[Site "https://www.chess.com"]

[Event "Titled Tuesday Blitz August 16 Early 2022"]
[White "Boros, Denes"]
[Black "Aggelis, Nikolaos"]
[WhiteFideId "722340"]
[BlackFideId "4213220"]
[WhiteElo "2464"]
[BlackElo "2154"]
[Result "1/2-1/2"]
[Round "03"]
[TimeControl "180+1"]
[Date "2022.08.16"]
[WhiteClock "0:00:20"]
[BlackClock "0:00:04"]

1. e4 e5 2. Nf3 Nc6 3. d4 exd4 4. Nxd4 Bc5 5. Nb3 Bb6 6. Bb5 Nge7 7. Bg5 f6 8. Bh4 a6 9. Bc4 d6 10. Nc3 Ne5 11. Be2 Be6 12. Nd4 Bf7 13. f4 N5g6 14. Bg3 Nc6 15. Nf5 O-O 16. Qd2 Nge7 17. Ne3 Qb8 18. Ned5 Nxd5 19. Nxd5 Bxd5 20. Qxd5+ Kh8 21. O-O-O Qe8 22. h4 Qf7 23. Qxf7 Rxf7 24. h5 h6 25. Bg4 Re7 26. Bf5 Nd4 27. Rhe1 Nxf5 28. exf5 Rae8 29. Kd2 Kg8 30. c3 d5 31. Rxe7 Rxe7 32. Rf1 Re4 33. Re1 Rxe1 34. Bxe1 Bc5 35. Kd3 Kf7 36. Bd2 Ke7 37. Bc1 Kd7 38. Bd2 Bf2 39. Bc1 c5 40. Bd2 b5 41. Ke2 Bg1 42. Kf1 Bh2 43. Kf2 Kd6 44. g4 d4 45. cxd4 cxd4 46. Kg2 Kd5 47. Kxh2 Ke4 48. Kg3 Kd3 49. Bb4 Ke2 50. g5 d3 51. a3 d2 52. Bxd2 Kxd2 53. gxf6 gxf6 54. Kf3 Kd3 55. b3 a5 56. b4 axb4 57. axb4 Kc3 58. Ke4 Kxb4 59. Kd5 Kc3 60. Ke6 b4 61. Kxf6 b3 62. Kg7 b2 63. f6 b1=Q 64. f7 Qg1+ 65. Kxh6 Qc5 66. Kg7 Qd4+ 67. Kg8 Qd5 68. Kg7 Qd4+ 69. Kg8 Qd5 70. h6 Qg2+ 71. Kh8 Qa8+ 72. Kg7 Qg2+ 73. Kf6 Qc6+ 74. Kg7 Qg2+ 75. Kf8 Qa8+ 76. Ke7 Qb7+ 77. Kf6 Qc6+ 78. Kg5 Qg2+ 79. Kf6 Qc6+ 1/2-1/2


[Site "https://www.chess.com"]

[Event "Titled Tuesday Blitz August 16 Early 2022"]
[White "Bortnyk, Olexandr"]
[Black "Fawzy, Adham"]
[WhiteFideId "14120828"]
[BlackFideId "10613129"]
[WhiteElo "2723"]
[BlackElo "2541"]
[Result "1-0"]
[Round "03"]
[TimeControl "180+1"]
[Date "2022.08.16"]
[WhiteClock "0:00:52"]
[BlackClock "0:00:22"]

1. d4 Nf6 2. Nc3 d5 3. Bf4 c6 4. e3 g6 5. h4 Bg7 6. h5 Nxh5 7. Rxh5 gxh5 8. Qxh5 Nd7 9. Bd3 Nf6 10. Qh2 Bg4 11. Nf3 Bh5 12. O-O-O Bg6 13. Be2 Ne4 14. Nxe4 dxe4 15. Ne5 f6 16. Nc4 Qd5 17. b3 b5 18. Na5 O-O 19. c4 Qd7 20. d5 e5 21. dxe6 Qxe6 22. Rd6 Qf5 23. Nxc6 Qc5 24. Ne7+ Kf7 25. Nxg6 hxg6 26. Rd7+ Kg8 27. Rxg7+ Kxg7 28. Qh6+ Kf7 29. Qh7+ Ke6 30. Qxg6 Rad8 31. Bg4+ Ke7 32. Qxe4+ Kf7 33. Qh7+ Ke8 34. Bh5+ 1-0


[Site "https://www.chess.com"]

[Event "Titled Tuesday Blitz August 16 Early 2022"]
[White "Broca Jimenez, Fernando"]
[Black "Melikhov, Evgeny V."]
[WhiteFideId "5104742"]
[BlackFideId "4122046"]
[WhiteElo "2062"]
[BlackElo "1963"]
[Result "0-1"]
[Round "03"]
[TimeControl "180+2"]
[Date "2022.08.18"]
[WhiteClock "0:00:00"]
[BlackClock "0:00:00"]

1. e4 c5 2. Nf3 d6 3. d4 cxd4 4. Nxd4 Nf6 5. Nc3 a6 6. Be3 e5 7. Nb3 Be6 8. f3 Be7 9. Qd2 O-O 10. g4 Nbd7 11. g5 Nh5 12. O-O-O b5 13. h4 Nb6 14. Nd5 Bxd5 15. exd5 Ng3 16. Rg1 Nxf1 17. Rdxf1 Nc4 18. Qc3 Nxe3 19. Qxe3 a5 20. Kb1 a4 21. Nd2 b4 22. Ne4 b3 23. cxb3 axb3 24. Qxb3 Qa5 25. Rc1 Rfb8 26. Qc4 Rb4 27. Qc8+ Rxc8 28. Rxc8+ Bd8 29. Nxd6 Kf8 30. Rgc1 Ke7 31. Nf5+ Kd7 32. R8c6 Qxd5 0-1


[Site "https://www.chess.com"]

[Event "Titled Tuesday Blitz August 16 Early 2022"]
[White "Brodowski, Piotr"]
[Black "Mika, Tomasz"]
[WhiteFideId "1124480"]
[BlackFideId "1132970"]
[WhiteElo "2312"]
[BlackElo "2126"]
[Result "1-0"]
[Round "03"]
[TimeControl "180+2"]
[Date "2022.08.18"]
[WhiteClock "0:00:00"]
[BlackClock "0:00:00"]

1. c4 e6 2. e4 d5 3. exd5 exd5 4. d4 Bb4+ 5. Nc3 Nf6 6. Bd3 dxc4 7. Bxc4 O-O 8. Ne2 Nc6 9. O-O Bg4 10. f3 Bf5 11. Bg5 Be7 12. Ng3 Nxd4 13. Be3 c5 14. Bxd4 cxd4 15. Nxf5 dxc3 16. Qxd8 Bxd8 17. bxc3 Rc8 18. Bb3 Rxc3 19. Nd6 Bb6+ 20. Kh1 Rc7 21. Rad1 g6 22. Rfe1 Kg7 23. g4 h6 24. Kg2 Bc5 25. h4 Rd7 26. Ne8+ Rxe8 27. Rxd7 Rxe1 28. Rxf7+ Kh8 29. Rxf6 g5 30. Rxh6+ Kg7 31. hxg5 Re2+ 32. Kg3 Bf2+ 33. Kf4 Bd4 34. Kf5 Re5+ 35. Kf4 Re2 36. Re6 Rf2 37. Re7+ Kh8 38. g6 Bb6 39. Rh7# 1-0


[Site "https://www.chess.com"]

[Event "Titled Tuesday Blitz August 16 Early 2022"]
[White "Brozyna, Mateusz"]
[Black "Bashirli, Nail"]
[WhiteFideId "21816140"]
[BlackFideId "13406809"]
[WhiteElo "2276"]
[BlackElo "2365"]
[Result "0-1"]
[Round "03"]
[TimeControl "180+2"]
[Date "2022.08.18"]
[WhiteClock "0:00:00"]
[BlackClock "0:00:00"]

1. e4 c5 2. Nf3 Nc6 3. Bb5 Qb6 4. Nc3 e6 5. O-O a6 6. Bxc6 Qxc6 7. d4 cxd4 8. Nxd4 Qc7 9. Re1 Bc5 10. Nd5 exd5 11. exd5+ Kf8 12. Nf5 d6 13. Qf3 Bxf5 14. Qxf5 Ne7 15. Qh5 Ng6 16. Bg5 h6 17. Bd2 Kg8 18. Re2 Kh7 19. Rae1 Bd4 20. c3 Bf6 21. f4 Qc4 22. f5 Ne5 23. Re4 Qxd5 24. Bf4 Rhe8 25. Rd4 Nf3+ 26. Kf1 Rxe1+ 0-1


[Site "https://www.chess.com"]

[Event "Titled Tuesday Blitz August 16 Early 2022"]
[White "Buscar, Michael"]
[Black "Lebedev, Artem S."]
[WhiteFideId "2603616"]
[BlackFideId "34272747"]
[WhiteElo "2010"]
[BlackElo "1699"]
[Result "1-0"]
[Round "03"]
[TimeControl "180+2"]
[Date "2022.08.18"]
[WhiteClock "0:00:00"]
[BlackClock "0:00:00"]

1. Nf3 d5 2. b3 Nf6 3. Bb2 e6 4. e3 Be7 5. c4 O-O 6. cxd5 Nxd5 7. Be2 c5 8. O-O Nc6 9. d3 b6 10. a3 Bb7 11. Nbd2 Bf6 12. Qc2 Bxb2 13. Qxb2 Qf6 14. Qxf6 Nxf6 15. Rfc1 Rfd8 16. Rab1 Ba6 17. Rc3 Rd6 18. b4 cxb4 19. axb4 Bb5 20. Nc4 Bxc4 21. dxc4 Ne4 22. Ra3 Rad8 23. g3 Nd2 24. Rb2 Nxf3+ 25. Bxf3 Ne5 26. Be2 Rd2 27. Rxd2 Rxd2 28. Rxa7 g6 29. Kf1 Rb2 30. b5 Rb1+ 31. Kg2 Re1 32. Bf1 Rd1 33. Ra6 Nd7 34. h4 Rd6 35. Be2 Nc5 36. Bf3 Nxa6 37. bxa6 Rd7 38. Bb7 1-0


[Site "https://www.chess.com"]

[Event "Titled Tuesday Blitz August 16 Early 2022"]
[White "Chigaev, Maksim"]
[Black "Weetik, Vjacheslav"]
[WhiteFideId "4108116"]
[BlackFideId "4153472"]
[WhiteElo "2487"]
[BlackElo "2469"]
[Result "1-0"]
[Round "03"]
[TimeControl "180+1"]
[Date "2022.08.16"]
[WhiteClock "0:00:10"]
[BlackClock "0:00:10"]

1. e4 c6 2. Nf3 d5 3. d3 Bg4 4. h3 Bh5 5. g4 dxe4 6. gxh5 exf3 7. Qxf3 Nf6 8. Nc3 Nbd7 9. Bd2 g6 10. hxg6 hxg6 11. O-O-O Bh6 12. Bxh6 Rxh6 13. d4 e6 14. Kb1 Qa5 15. Bg2 O-O-O 16. Rhe1 Qf5 17. Qe3 Rhh8 18. d5 exd5 19. Qxa7 Rhe8 20. a3 Qf4 21. Qa8+ Kc7 22. Qa5+ Kb8 23. Re2 d4 24. Qb4 Ne5 25. Red2 Qg5 26. Na4 Qxg2 27. Nc5 Rd7 28. f4 Nd5 29. Nxd7+ Nxd7 30. Qd6+ 1-0


[Site "https://www.chess.com"]

[Event "Titled Tuesday Blitz August 16 Early 2022"]
[White "D`Arruda, Ricardo D."]
[Black "Tica, Sven"]
[WhiteFideId "100692"]
[BlackFideId "14526948"]
[WhiteElo "2271"]
[BlackElo "2350"]
[Result "0-1"]
[Round "03"]
[TimeControl "180+2"]
[Date "2022.08.18"]
[WhiteClock "0:00:00"]
[BlackClock "0:00:00"]

1. d4 g6 2. e4 Bg7 3. Nc3 a6 4. Nf3 b5 5. Bd3 Bb7 6. O-O d6 7. Qe2 Nd7 8. e5 e6 9. exd6 cxd6 10. d5 e5 11. a4 b4 12. Ne4 Ndf6 13. Bg5 h6 14. Bh4 g5 15. Bg3 Nxd5 16. Nxd6+ Qxd6 17. Nxe5 Qe6 18. Rfe1 Nge7 19. Qh5 O-O 20. Rad1 Nf6 21. Qe2 Nf5 22. Bc4 Nxg3 23. hxg3 Bd5 24. Rxd5 Nxd5 25. Qf3 Rad8 26. Nd3 Qd6 27. Rd1 Nb6 28. Bb3 a5 0-1


[Site "https://www.chess.com"]

[Event "Titled Tuesday Blitz August 16 Early 2022"]
[White "Daianu, Cristian-Clement"]
[Black "Quispe Santacruz, Javier"]
[WhiteFideId "1208926"]
[BlackFideId "3800920"]
[WhiteElo "2127"]
[BlackElo "1929"]
[Result "1-0"]
[Round "03"]
[TimeControl "180+2"]
[Date "2022.08.18"]
[WhiteClock "0:00:00"]
[BlackClock "0:00:00"]

1. c4 c6 2. Nf3 Nf6 3. d4 d5 4. Bf4 dxc4 5. e3 b5 6. a4 Bf5 7. Nc3 b4 8. Na2 a5 9. Bxc4 e6 10. O-O Nbd7 11. h3 Be7 12. Rc1 O-O 13. Bd3 Bxd3 14. Qxd3 c5 15. Rc4 Rc8 16. Rfc1 Qb6 17. Ne5 Nxe5 18. Bxe5 Nd7 19. Bg3 Rfd8 20. b3 h6 21. Qc2 Rc6 22. Rd1 Rdc8 23. d5 exd5 24. Rxd5 Nf6 25. Rd1 Rd8 26. Nc1 Rxd1+ 27. Qxd1 Re6 28. Nd3 Ne4 29. Nf4 Nxg3 30. Nxe6 Qxe6 31. fxg3 Qxe3+ 32. Kh2 Bf6 33. Qg4 Bd4 34. Qc8+ Kh7 35. Qf5+ Kg8 36. Qb1 Be5 37. Qg1 Bxg3+ 38. Kh1 Qxg1+ 39. Kxg1 Bd6 40. Kf2 f5 41. Kf3 Kf7 42. g4 Kf6 43. gxf5 Kxf5 44. Rc2 g5 45. Rd2 Ke6 46. Ke4 h5 47. Kd3 g4 48. hxg4 hxg4 49. Kc4 g3 50. Kb5 Be7 51. Kxa5 Kf5 52. Kb5 Kf4 53. a5 Ke3 54. Rc2 Kd3 55. Rg2 Bd6 56. a6 Bb8 57. Rxg3+ Kc2 58. Rh3 c4 59. Kxc4 Kb2 60. Kxb4 Ba7 61. Rh2+ Kc1 62. Rh7 1-0


[Site "https://www.chess.com"]

[Event "Titled Tuesday Blitz August 16 Early 2022"]
[White "Danielyan, Vahe"]
[Black "Timofeev, Artyom"]
[WhiteFideId "13304828"]
[BlackFideId "4140419"]
[WhiteElo "2421"]
[BlackElo "2578"]
[Result "0-1"]
[Round "03"]
[TimeControl "180+2"]
[Date "2022.08.18"]
[WhiteClock "0:00:00"]
[BlackClock "0:00:00"]

1. e4 c6 2. Nc3 d5 3. Nf3 dxe4 4. Nxe4 Nf6 5. Ng3 Bg4 6. Bc4 e6 7. h3 Bxf3 8. Qxf3 Nbd7 9. d4 Qb6 10. c3 Be7 11. O-O O-O 12. Re1 Rfe8 13. Bb3 Bf8 14. Be3 Qc7 15. Rad1 a5 16. h4 a4 17. Bc2 a3 18. b3 c5 19. Bb1 b5 20. h5 h6 21. Ne4 Nxe4 22. Bxe4 Rac8 23. d5 Nf6 24. dxe6 Nxe4 25. Qxe4 Rxe6 26. Qg4 Rce8 27. Rd5 Qc6 28. Red1 c4 29. b4 Be7 30. Qf5 Bf6 31. Rxb5 Bxc3 32. Rc5 Qa4 33. Rc1 Bb2 34. R1xc4 Qd1+ 35. Kh2 Be5+ 36. g3 Bxg3+ 37. Kg2 Rxe3 38. fxe3 Qe2+ 39. Kh3 Bd6 40. Rc8 Qh2+ 41. Kg4 Qg3# 0-1


[Site "https://www.chess.com"]

[Event "Titled Tuesday Blitz August 16 Early 2022"]
[White "Dauner, Benedikt"]
[Black "Dubov, Daniil"]
[WhiteFideId "16225899"]
[BlackFideId "24126055"]
[WhiteElo "2256"]
[BlackElo "2791"]
[Result "0-1"]
[Round "03"]
[TimeControl "180+2"]
[Date "2022.08.18"]
[WhiteClock "0:00:00"]
[BlackClock "0:00:00"]

1. e4 c6 2. Nf3 d5 3. Nc3 dxe4 4. Nxe4 Nf6 5. Qe2 Nxe4 6. Qxe4 Nd7 7. Bc4 Nf6 8. Ne5 e6 9. Qe2 Bd6 10. d4 b5 11. Bd3 Bb7 12. O-O a6 13. Bf4 O-O 14. Rfe1 Nd5 15. Bd2 c5 16. dxc5 Bxc5 17. Rad1 Qc7 18. a3 Rad8 19. Qe4 g6 20. Qh4 Be7 21. Qh6 Bf6 22. Ng4 Bg7 23. Qh4 h5 24. Nh6+ Kh8 25. Nxf7+ Qxf7 26. f3 Bxb2 27. Re4 Bf6 28. Qh3 Nc3 29. Bxc3 Bxc3 30. Kh1 Bxe4 31. fxe4 Be5 32. Rg1 Bd4 0-1


[Site "https://www.chess.com"]

[Event "Titled Tuesday Blitz August 16 Early 2022"]
[White "De La Colina, Nicolas"]
[Black "Kohler, Aran"]
[WhiteFideId "30946921"]
[BlackFideId "1002856"]
[WhiteElo "2046"]
[BlackElo "2060"]
[Result "1-0"]
[Round "03"]
[TimeControl "180+2"]
[Date "2022.08.18"]
[WhiteClock "0:00:00"]
[BlackClock "0:00:00"]

1. e4 c6 2. d4 d5 3. exd5 cxd5 4. Bd3 a6 5. c3 Nc6 6. Bf4 Nf6 7. Nd2 g6 8. Qc2 Bg7 9. h3 O-O 10. Ngf3 b5 11. a3 Bb7 12. O-O Rc8 13. Qd1 e6 14. Re1 Nd7 15. Qe2 Re8 16. Ne5 Ndxe5 17. dxe5 Na5 18. Nf3 Nb3 19. Rad1 Qb6 20. Bc2 Nc5 21. Be3 Qc7 22. Bd4 Ne4 23. h4 h6 24. Qe3 Nc5 25. h5 g5 26. Nh2 Nd7 27. Ng4 Qd8 28. Qd3 Nf8 29. Re3 Rc4 30. Rf3 Re7 31. Nf6+ Bxf6 32. Rxf6 Kg7 33. f4 a5 34. fxg5 hxg5 35. Qe3 Nh7 36. Bxh7 Kxh7 37. Qxg5 Qg8 38. Rh6# 1-0


[Site "https://www.chess.com"]

[Event "Titled Tuesday Blitz August 16 Early 2022"]
[White "Delorme, Axel"]
[Black "Vysochin, Spartak"]
[WhiteFideId "632023"]
[BlackFideId "14103516"]
[WhiteElo "2474"]
[BlackElo "2355"]
[Result "1-0"]
[Round "03"]
[TimeControl "180+2"]
[Date "2022.08.18"]
[WhiteClock "0:00:00"]
[BlackClock "0:00:00"]

1. d4 d5 2. Nf3 Nf6 3. c4 e6 4. Nc3 Be7 5. Bg5 O-O 6. e3 b6 7. cxd5 exd5 8. Bd3 Bb7 9. O-O h6 10. Bh4 Nbd7 11. Rc1 Rc8 12. Bf5 Re8 13. Re1 Nh7 14. Bxe7 Qxe7 15. Qb3 c6 16. Ne5 Nxe5 17. Bxc8 Bxc8 18. dxe5 Qxe5 19. Ne2 Bd7 20. Qc3 Qg5 21. Qd4 Re4 22. Qd2 Nf6 23. Ng3 Rh4 24. f3 h5 25. b3 a5 26. Rcd1 Rb4 27. e4 Qxd2 28. Rxd2 h4 29. e5 hxg3 30. exf6 gxh2+ 31. Kxh2 gxf6 32. Re7 Be6 33. Kg3 c5 34. Rc7 a4 35. bxa4 Rxa4 36. Rb2 d4 37. Rxb6 c4 38. Rd6 d3 39. a3 Rxa3 40. Rxe6 fxe6 41. Rxc4 Kf7 42. Rd4 e5 43. Rb4 Ke6 44. Kf2 Kd5 45. Ke3 f5 46. Rb5+ Ke6 47. Rb6+ Kd5 48. Rb5+ Kd6 49. g3 Rc3 50. f4 e4 51. Rxf5 Rc2 52. Kxe4 d2 53. Rd5+ Kc6 54. Rd8 Kb5 55. g4 Kb4 56. g5 Kb3 57. Rxd2 Kb4 58. Rxc2 Kb3 59. g6 Kxc2 60. g7 Kc3 61. g8=Q Kc2 62. Qe6 Kb2 63. f5 Kc2 64. f6 Kb2 65. f7 Kc2 66. Qd6 Kb2 67. Qc6 Kb3 68. Kd3 Ka2 69. Qb6 Ka3 70. Kc3 Ka2 71. Qb2# 1-0


[Site "https://www.chess.com"]

[Event "Titled Tuesday Blitz August 16 Early 2022"]
[White "Demidov, Mikhail"]
[Black "Bodnar, Nikolay"]
[WhiteFideId "4197143"]
[BlackFideId "14106469"]
[WhiteElo "2525"]
[BlackElo "2283"]
[Result "1-0"]
[Round "03"]
[TimeControl "180+2"]
[Date "2022.08.18"]
[WhiteClock "0:00:00"]
[BlackClock "0:00:00"]

1. Nf3 d5 2. g3 Bg4 3. Ne5 Bf5 4. Bg2 c6 5. d4 Nd7 6. O-O e6 7. c4 Ngf6 8. Nc3 Nxe5 9. dxe5 Nd7 10. cxd5 cxd5 11. e4 dxe4 12. Nxe4 Nxe5 13. Qb3 Qb6 14. Be3 Qxb3 15. axb3 Nc6 16. Rfc1 a6 17. Nf6+ Ke7 18. Ne4 Kd7 19. Bb6 Bxe4 20. Bxe4 Bd6 21. Rd1 Ke7 22. Rd2 Bb4 23. Rd3 f5 24. Bg2 Ne5 25. Rd4 Bd6 26. Rad1 Nf7 27. h4 e5 28. R4d2 e4 29. Bf1 Rac8 30. Bc4 Rxc4 31. bxc4 Rc8 32. b3 g6 33. Kg2 Ke6 34. f3 Rc6 35. Bd4 exf3+ 36. Kxf3 b5 37. Re2+ Be5 38. Rde1 1-0


[Site "https://www.chess.com"]

[Event "Titled Tuesday Blitz August 16 Early 2022"]
[White "Demin, Vladimir"]
[Black "Rose, Felix"]
[WhiteFideId "4167457"]
[BlackFideId "5105722"]
[WhiteElo "2430"]
[BlackElo "2039"]
[Result "1-0"]
[Round "03"]
[TimeControl "180+2"]
[Date "2022.08.18"]
[WhiteClock "0:00:00"]
[BlackClock "0:00:00"]

1. d4 d5 2. Nc3 Nf6 3. Bf4 c5 4. e4 Nxe4 5. Nxe4 dxe4 6. dxc5 Qxd1+ 7. Rxd1 Nc6 8. f3 e5 9. Be3 exf3 10. Nxf3 Bf5 11. c3 a5 12. Bc4 Be7 13. O-O O-O 14. Bd5 Bf6 15. h3 Rfd8 16. g4 Bd7 17. g5 Be7 18. Kg2 a4 19. Kg3 Rac8 20. b4 axb3 21. axb3 Ra8 22. b4 Ra3 23. b5 Na5 24. Nxe5 Rxc3 25. Bxf7+ Kh8 26. Rf3 Bxb5 27. Rxd8+ Bxd8 28. Be6 Be7 29. Nf7+ Kg8 30. Nd6+ Kh8 31. Nxb5 1-0


[Site "https://www.chess.com"]

[Event "Titled Tuesday Blitz August 16 Early 2022"]
[White "Diaz Perez, Michel Alejandro"]
[Black "Prydun, Andriy"]
[WhiteFideId "3517179"]
[BlackFideId "14145898"]
[WhiteElo "2313"]
[BlackElo "2163"]
[Result "1-0"]
[Round "03"]
[TimeControl "180+2"]
[Date "2022.08.18"]
[WhiteClock "0:00:00"]
[BlackClock "0:00:00"]

1. d4 Nf6 2. Bf4 e6 3. e3 b6 4. Nf3 Bb7 5. c4 Bd6 6. Bg3 O-O 7. Bd3 h6 8. Nc3 Bxg3 9. hxg3 d6 10. g4 Nxg4 11. d5 e5 12. Nh4 Bc8 13. Nf5 Bxf5 14. Bxf5 Nf6 15. Qf3 Kh8 16. O-O-O Nbd7 17. Rh3 Ng8 18. Rdh1 Nc5 19. g4 g6 20. Bc2 Kg7 21. b4 Nd7 22. Ne4 a5 23. g5 axb4 24. gxh6+ Kh7 25. Bb1 f5 26. Ng3 Qf6 27. Nxf5 gxf5 28. Rg3 e4 29. Rg7+ Kh8 30. Qg3 Ne5 31. Rxc7 Ne7 32. Qg7+ Qxg7 33. hxg7+ Kxg7 34. Rxe7+ Rf7 35. Re6 Rd8 36. Rg1+ Kf8 37. Rh1 Kg7 38. Rg1+ Kf8 39. Bc2 Nxc4 40. Ba4 Ne5 41. Rh1 Kg7 42. Be8 Rc7+ 43. Kb1 Kf8 44. Rh8+ Kg7 45. Rh1 Kf8 46. Bg6 Kg7 47. Bxf5 Rf7 48. Rh7+ Kg8 49. Bxe4 Rxh7 50. Bxh7+ Kxh7 51. f4 Nc4 52. e4 Na3+ 53. Kb2 Nc4+ 54. Kb3 b5 55. Kxb4 Rb8 56. e5 dxe5 57. fxe5 Kg7 58. d6 Kf7 59. Re7+ Kf8 60. Kc5 Ra8 61. Kxb5 Nxe5 62. Rxe5 Rxa2 63. Kc6 Ra7 64. Rb5 Ke8 65. Rb8+ Kf7 66. Rb7+ Rxb7 67. Kxb7 1-0


[Site "https://www.chess.com"]